 Dungeon Crawl Stone Soup version 0.28.0-53-g5a82cb258f (webtiles) character file.

Game seed: 10827634367572507062

14291 Ashen the Ogre Mage (level 12, -5/122 HPs)
             Began as an Ogre Ice Elementalist on June 29, 2022.
             Was a Priest of Vehumet.
             Killed from afar by a gargoyle (32 damage)
             ... with a stone arrow
             ... on level 13 of the Dungeon.
             The game lasted 00:33:38 (16677 turns).

Ashen the Ogre Mage (Ogre Ice Elementalist)        Turns: 16677, Time: 00:33:38

Health: -5/122     AC:  6    Str: 15    XL:     12   Next: 15%
Magic:  13/26      EV:  9    Int: 20    God:    Vehumet [***...]
Gold:   452        SH:  8    Dex:  9    Spells: 17/31 levels left

rFire   . . .      SeeInvis +   k - +3 whip (elec)
rCold   . . .      Faith    .   B - +0 kite shield
rNeg    . . .      Spirit   .   N - +0 troll leather armour
rPois   +          Reflect  .   (helmet restricted)
rElec   .          Harm     .   e - +0 cloak
rCorr   .          Rampage  .   (gloves unavailable)
Will    +....                   (boots unavailable)
Stlth   ++........              (no amulet)
HPRegen 1.10/turn               E - ring of see invisible
MPRegen 0.20/turn               A - ring of poison resistance

@: no status effects
A: large, unfitting armour, tough skin 1
a: Renounce Religion


You were on level 13 of the Dungeon.
You worshipped Vehumet.
Vehumet was most pleased with you.
You visited 2 branches of the dungeon, and saw 14 of its levels.

You collected 982 gold pieces.
You spent 530 gold pieces at shops.

Inventory:

Hand Weapons
 k - a +3 whip of electrocution (weapon)
 m - a +2 flail of protection
 u - a +1 dagger of venom
 M - a +0 giant spiked club
Missiles
 z - 6 throwing nets
Armour
 e - a +0 cloak (worn)
 B - a +0 kite shield (worn)
 N - a +0 troll leather armour (worn)
Jewellery
 a - a +6 ring of intelligence
 b - an amulet of regeneration
 n - a ring of willpower
 x - an amulet of guardian spirit
 A - a ring of poison resistance (right hand)
 E - a ring of see invisible (left hand)
Wands
 f - a wand of digging (9)
 F - a wand of iceblast (13)
 H - a wand of flame (32)
Scrolls
 c - a scroll of amnesia
 d - 2 scrolls of noise
 i - 8 scrolls of fear
 l - 8 scrolls of teleportation
 p - 2 scrolls of blinking
 q - 7 scrolls of vulnerability
 r - 2 scrolls of enchant weapon
 s - a scroll of immolation
 v - a scroll of holy word
 y - a scroll of enchant armour {unknown}
 D - a scroll of torment
 L - a scroll of fog {unknown}
Potions
 g - a potion of flight
 h - 2 potions of degeneration
 j - 7 potions of curing
 o - 2 potions of lignification
 t - a potion of ambrosia
 w - 2 potions of magic
 C - a potion of brilliance
 G - a potion of resistance
 I - a potion of haste
 J - a potion of cancellation
 K - a potion of mutation


   Skills:
 + Level 8.3 Fighting
 - Level 0.5 Short Blades
 + Level 6.6 Maces & Flails
 + Level 6.5 Dodging
 - Level 5.0 Stealth
 + Level 4.9 Shields
 - Level 10.1 Spellcasting
 + Level 4.9 Conjurations
 + Level 8.1 Ice Magic


You had 17 spell levels left.
You knew the following spells:

 Your Spells              Type           Power      Damage    Failure   Level
a - Freeze                Ice            100%       1d11      1%          1
b - Frozen Ramparts       Ice            84%        1d10      1%          3
c - Ozocubu's Armour      Ice            42%        N/A       1%          3
d - Hailstorm             Conj/Ice       36%        3d9       3%          4
e - Mephitic Cloud        Conj/Pois/Air  16%        N/A       9%          3

Your spell library contained the following spells:

 Spells                   Type           Power      Damage    Failure   Level
 Fulminant Prism          Conj/Hex       9%         3d7       17%         4
 Summon Small Mammal      Summ           40%        N/A       19%         1
 Call Canine Familiar     Summ           10%        N/A       50%         3
 Gell's Gravitas          Tloc           10%        N/A       50%         3
 Lesser Beckoning         Tloc           10%        N/A       50%         3
 Summon Guardian Golem    Hex/Summ       10%        N/A       50%         3
 Teleport Other           Tloc           10%        N/A       50%         3


Dungeon Overview and Level Annotations

Branches:
Dungeon (14/15)            Temple (1/1) D:6            Lair (0/6) D:8
    Orc (0/2) D:9
 Vaults: D:13-14

Altars:
Ashenzari
Cheibriados
Dithmenos
Elyvilon
Fedhas
Gozag
Hepliaklqana
Kikubaaqudgha
Makhleb
Nemelex Xobeh
Okawaru
Qazlal
Ru
Sif Muna
Trog
Uskayaw
Vehumet
Wu Jian
Xom
Yredelemnul
Zin
The Shining One
Beogh

Shops:
D:2 (   D:4 *   D:9 (   D:11 [


Innate Abilities, Weirdness & Mutations

You are too large for most types of armour.
You have tough skin. (AC +1)


Message History

Confirm with . or Enter, or press ? or * to list all spells.
Casting: Frozen Ramparts (safe; 1% risk of failure)
Press: ? - help, Dir - look around, f - activate A stone staircase leading down.
The walls around you are covered in ice.
The wall freezes the gargoyle.
The gargoyle hurls a stone arrow at you.
The stone arrow hits you!
Casting: Frozen Ramparts (safe; 1% risk of failure)
Confirm with . or Enter, or press ? or * to list all spells.
Casting: Hailstorm (mildly dangerous; 3% risk of failure)
Press: ? - help, Dir - look around, f - activate A cannonade of hail descends around you!
The hail pelts the five-headed hydra!
The five-headed hydra is lightly wounded.
The five-headed hydra roars!
The wall freezes the gargoyle!
The gargoyle hits you with a +0 morningstar!
Casting: Hailstorm (mildly dangerous; 3% risk of failure)
Confirm with . or Enter, or press ? or * to list all spells.
Casting: Hailstorm (mildly dangerous; 3% risk of failure)
Press: ? - help, Dir - look around, f - activate A cannonade of hail descends around you!
The hail pelts the five-headed hydra!!
The five-headed hydra is heavily wounded.
The wall freezes the gargoyle.
The gargoyle hits you with a +0 morningstar!!
The wall freezes the five-headed hydra.
Your icy armour and frozen ramparts will break if you move.
Continue?
Your icy armour cracks and falls away as you move.
The frozen ramparts melt away as you move.
The gargoyle hits you with a +0 morningstar.
The gargoyle hurls a stone arrow at you.
The stone arrow hits you!!
The gargoyle hurls a stone arrow at you.
The stone arrow hits you!!
* * * LOW HITPOINT WARNING * * *
The gargoyle hurls a stone arrow at you.
The stone arrow hits you!!
You die...

###........###.#.....#.#
.......................+
#.......##.###.........#
#.#..#####.#
#####..#####(..
#.#.######.# ##>........
#.#........#
#####..######
#.########## #...9..#
#.# ###...D..# #.#
###...@.##.# #.#
##..)#...##.# #.#
#..###...##.# ○#..#..
#.# #.##
#......####B'#..#' #.#
#.# ##..##.....t......
..# #.##
#..##.........[. ###
#..# #...○.####''#..#
##.# #######.... #..#
#.# #.....#..#


You could see a five-headed hydra and a gargoyle.

Vanquished Creatures
  Harold (D:10)
  A boulder beetle (D:13)
  4 two-headed ogres
  A skeletal warrior (D:13)
  A wizard (D:14)
  Pikel (D:8)
  2 manticores (D:14)
  A cyclops (D:13)
  A centaur zombie (D:10)
  2 gargoyles
  An unseen horror (D:8)
  A kobold demonologist (D:5)
  A komodo dragon (D:8)
  A troll (D:10)
  A queen bee (shapeshifter) (D:13)
  3 slime creatures (D:10)
  Sigmund (D:3)
  2 wyverns (D:10)
  2 vampires
  A wraith (D:10)
  Grum (D:9)
  2 water moccasins (D:7)
  A necrophage (D:7)
  4 orc warriors
  A black bear (D:5)
  An ogre (D:5)
  4 wolves (D:9)
  3 centaurs
  2 phantoms
  3 lemures (D:8)
  3 bullfrogs
  A gnoll sergeant (D:6)
  A kobold brigand (D:6)
  A scorpion (D:4)
  A wyvern zombie (D:6)
  10 killer bees
  7 wights
  2 howler monkeys (D:9)
  2 bullfrog zombies
  2 jellies
  7 orc priests
  A gnoll shaman (D:6)
  9 hounds
  4 iguanas
  12 orc wizards
  3 killer bee zombies
  Robin (D:4)
  14 gnolls
  2 howler monkey zombies
  14 adders
  A shadow imp (D:5)
  3 white imps
  An adder skeleton (D:4)
  4 worms (D:2)
  3 dart slugs
  59 orcs
  5 endoplasms
  4 giant cockroaches
  9 hobgoblins
  3 jackals (D:4)
  8 kobolds
  5 quokkas
  11 ball pythons
  5 bats
  3 frilled lizards
  13 goblins
  3 rats
288 creatures vanquished.

Vanquished Creatures (others)
  34 plants (D:8)
34 creatures vanquished.

Grand Total: 322 creatures vanquished

Notes
Turn   | Place    | Note
-------+----------+-------------------------------------------
     0 | D:1      | Ashen the Ogre Ice Elementalist began the quest for the
                  | Orb.
     0 | D:1      | Reached XP level 1. HP: 16/16 MP: 3/3
   301 | D:1      | Reached XP level 2. HP: 24/24 MP: 3/5
   703 | D:1      | Reached XP level 3. HP: 27/31 MP: 5/7
   941 | D:2      | Reached skill level 3 in Spellcasting
  1617 | D:2      | Reached XP level 4. HP: 29/39 MP: 3/8
  2315 | D:2      | Reached XP level 5. HP: 40/45 MP: 7/10
  2476 | D:2      | Found Fairufah's Weapon Shoppe.
  2773 | D:3      | Learned a level 3 spell: Frozen Ramparts
  2777 | D:3      | Learned a level 3 spell: Ozocubu's Armour
  2782 | D:3      | Learned a level 4 spell: Hailstorm
  2858 | D:3      | Reached skill level 4 in Spellcasting
  2947 | D:3      | Noticed Sigmund
  2964 | D:3      | Killed Sigmund
  2965 | D:3      | Reached skill level 5 in Spellcasting
  2965 | D:3      | Reached XP level 6. HP: 17/54 MP: 1/13
  3300 | D:3      | Reached skill level 1 in Maces & Flails
  4067 | D:4      | Reached XP level 7. HP: 35/61 MP: 15/15
  4466 | D:4      | Reached skill level 1 in Fighting
  4690 | D:4      | Noticed Robin
  4710 | D:4      | Killed Robin
  4822 | D:4      | Found Laevvyamm's Overcharged Wands.
  5162 | D:4      | Reached skill level 6 in Spellcasting
  5162 | D:4      | Reached skill level 5 in Ice Magic
  5274 | D:5      | Entered Level 5 of the Dungeon
  5338 | D:5      | Noticed a kobold demonologist
  5351 | D:5      | Noticed a neqoxec
  5746 | D:5      | Reached XP level 8. HP: 67/72 MP: 14/17
  6356 | D:5      | Reached skill level 7 in Spellcasting
  6781 | D:5      | Killed a kobold demonologist
  6899 | D:6      | Found a staircase to the Ecumenical Temple.
  6919 | Temple   | Entered the Ecumenical Temple
  7016 | Temple   | Became a worshipper of Vehumet
  7252 | D:6      | Found a shimmering blue altar of Sif Muna.
  7314 | D:6      | Reached XP level 9. HP: 66/79 MP: 10/20
  7728 | D:6      | Noticed a gargoyle
  7751 | D:6      | Killed a gargoyle
  7752 | D:6      | Reached skill level 8 in Spellcasting
  7916 | D:6      | Noticed a two-headed ogre
  8161 | D:6      | Found a sacrificial altar of Ru.
  8452 | D:6      | Reached * piety under Vehumet
  8452 | D:6      | Offered knowledge of Foxfire by Vehumet.
  8647 | D:6      | Killed a two-headed ogre
  8648 | D:6      | Reached skill level 1 in Shields
  8648 | D:6      | Reached skill level 1 in Conjurations
  9162 | D:7      | Found a runed translucent door.
  9327 | D:7      | Reached XP level 10. HP: 94/94 MP: 22/22
  9338 | D:7      | Reached skill level 5 in Fighting
  9454 | D:7      | Reached skill level 9 in Spellcasting
 10526 | D:7      | Reached ** piety under Vehumet
 10533 | D:7      | Offered knowledge of Poisonous Vapours by Vehumet.
 10727 | D:8      | Noticed an unseen horror
 10735 | D:8      | Killed an unseen horror
 11354 | D:8      | Found a staircase to the Lair.
 11441 | D:8      | Reached skill level 5 in Dodging
 11566 | D:8      | Reached skill level 5 in Maces & Flails
 11779 | D:9      | Noticed Pikel
 11878 | D:8      | Killed Pikel
 12056 | D:9      | Noticed a two-headed ogre
 12066 | D:9      | Killed a two-headed ogre
 12066 | D:9      | Offered knowledge of Mephitic Cloud by Vehumet.
 12071 | D:9      | Learned a level 3 spell: Mephitic Cloud
 12147 | D:9      | Found a staircase to the Orcish Mines.
 12147 | D:9      | Found Qoru's Weapon Boutique.
 12328 | D:9      | Reached XP level 11. HP: 23/106 MP: 24/24
 12772 | D:9      | Noticed Grum
 12785 | D:9      | Killed Grum
 13106 | D:9      | Identified the +1 leather armour of Classification {+Inv}
 13286 | D:9      | Found a bloodstained altar of Trog.
 13468 | D:10     | Entered Level 10 of the Dungeon
 13514 | D:10     | Found a sparkling altar of Nemelex Xobeh.
 13772 | D:10     | Found Baps's Magic Scroll Boutique.
 13780 | D:10     | Bought a scroll of fear for 52 gold pieces
 13780 | D:10     | Bought a scroll of teleportation for 45 gold pieces
 13780 | D:10     | Bought a scroll of blinking for 112 gold pieces
 13780 | D:10     | Bought a scroll of vulnerability for 112 gold pieces
 13780 | D:10     | Bought a scroll of identify for 30 gold pieces
 13780 | D:10     | Bought a scroll of fear for 52 gold pieces
 13780 | D:10     | Bought a scroll of identify for 30 gold pieces
 13780 | D:10     | Bought a scroll of teleportation for 45 gold pieces
 13780 | D:10     | Bought a scroll of fear for 52 gold pieces
 13806 | D:10     | Reached *** piety under Vehumet
 14944 | D:10     | Reached skill level 5 in Stealth
 15212 | D:10     | Noticed Harold
 15224 | D:10     | Killed Harold
 15224 | D:10     | Offered knowledge of Fulminant Prism by Vehumet.
 15225 | D:10     | Reached skill level 10 in Spellcasting
 15413 | D:11     | Found Wycaarch's Armour Boutique.
 15463 | D:11     | You fall into a shaft and drop 3 floors!
 15463 | D:14     | Noticed a wizard
 15465 | D:14     | Noticed a manticore
 15466 | D:14     | Noticed a manticore
 15471 | D:14     | Killed a wizard
 15476 | D:14     | Killed a manticore
 15477 | D:14     | Killed a manticore
 15545 | D:13     | Noticed a cyclops
 15851 | D:13     | Noticed a fire crab
 15851 | D:13     | a raiju changed into a fire crab
 15852 | D:13     | Noticed a boulder beetle
 15864 | D:13     | Identified the +0 helmet of Xom's Indignation {Stlth+}
 15889 | D:13     | Noticed a two-headed ogre
 15889 | D:13     | Noticed a cyclops
 15921 | D:13     | Killed a two-headed ogre
 15940 | D:13     | Killed a cyclops
 16215 | D:13     | Noticed a skeletal warrior
 16249 | D:13     | Killed a boulder beetle
 16250 | D:13     | Reached XP level 12. HP: 84/119 MP: 14/26
 16430 | D:13     | Noticed a five-headed hydra
 16433 | D:13     | Noticed a two-headed ogre
 16448 | D:13     | Killed a two-headed ogre
 16550 | D:13     | HP: 6/122 [gargoyle/stone arrow (22)]
 16555 | D:13     | HP: 1/122 [gargoyle/stone arrow (10)]
 16566 | D:14     | Noticed a death yak
 16677 | D:13     | Killed from afar by a gargoyle

Illustrated notes

Levels and vault maps discovered:
D:1:      lemuel_arrival_cross, layout_basic
D:2:      minmay_wonky_spiral, layout_loops_ring, serial_rivers,
          chequers_serial_rivers_room_b, chequers_serial_rivers_small_3,
          chequers_serial_rivers_marsh, chequers_serial_rivers_micro_a,
          chequers_serial_rivers_small_b, chequers_serial_rivers_room_a,
          serial_shops, nicolae_shop_hallway_stairs, minmay_tiny_reverse_x
D:3:      layout_loops_ring, uniq_sigmund
D:4:      minmay_opposing_rooms, layout_basic, nrook_campfire,
          nicolae_shop_overcharged_wands, uniq_robin
D:5:      layout_loops_ring
D:6:      layout_basic, mainiacjoe_overflow_catwalk, amcnicky_altar_gilded,
          minmay_temple_entry_glassed_door, serial_rivers,
          chequers_serial_rivers_micro_d, chequers_serial_rivers_small_b,
          chequers_serial_rivers_room_b, chequers_serial_rivers_large_b,
          chequers_serial_rivers_micro_c, minmay_fractal_squares_diagonal_5
D:7:      layout_basic, interstate_on_off, lightli_church_of_beogh
D:8:      layout_cave_pools, david_lair_shrubbed
D:9:      layout_cave_pools, lemuel_coloured_pillars_altar, orc_david_3,
          uniq_grum, uniq_pikel
D:10:     layout_grid_maze, kennysheep_mini, serial_shops,
          nicolae_shop_advertising_works [nicolae_subvault_shop_adworks],
          uniq_harold
D:11:     layout_layer_cave, serial_shops, shop_statue, nicolae_shop_waterfront,
          shop, nicolae_stop_n_shop_2
D:13:     layout_loops_corners, skrybe_vaults_entry_preservation
D:14:     lemuel_troll_bridge, layout_cave_pools, minmay_misc_feat_roman,
          serial_shops, shop_statue, minivault_12, uniq_frances, uniq_kirke
Temple:   compressed_dpeg_circular_temple

Skill      XL: |  1  2  3  4  5  6  7  8  9 10 11 |
---------------+----------------------------------+-----
Dodging        | 2 3 4 5 6 |  6.5
Spellcasting   | 3 5 6 7 8 9 10 | 10.1
Stealth        | 2 3 4 5 |  5.0
Ice Magic      | 4 5 6 7 8 |  8.1
Maces & Flails | 1 3 4 5 6 |  6.6
Fighting       | 1 3 4 6 8 |  8.3
Shields        | 1 3 4 |  4.9
Conjurations   | 1 3 4 |  4.9
Short Blades   | |  0.5

Action                   |  1- 3 |  4- 6 |  7- 9 | 10-12 || total
-------------------------+-------+-------+-------+-------++-------
Melee: Unarmed           |    29 |       |       |       ||    29
       Mace              |    10 |     3 |       |       ||    13
       Whip              |       |    63 |   191 |   314 ||   568
       Punch             |       |     2 |     5 |       ||     7
       Dagger            |       |       |    17 |    43 ||    60
 Cast: Freeze            |    67 |    38 |    17 |    15 ||   137
       Frozen Ramparts   |       |     5 |    16 |    39 ||    60
       Ozocubu's Armour  |       |     1 |    16 |    49 ||    66
       Hailstorm         |       |       |     4 |    17 ||    21
       Mephitic Cloud    |       |       |       |     5 ||     5
Evoke: Wand              |       |       |       |     3 ||     3
  Use: Scroll            |       |       |       |    22 ||    22
       Potion            |       |       |       |     3 ||     3
 Stab: Sleeping          |     1 |     6 |     4 |       ||    11
       Distracted        |       |       |     1 |       ||     1
       Confused          |       |       |       |     4 ||     4
Armor: Robe              |    37 |    21 |    84 |    99 ||   241
       Troll leather arm |       |       |       |    19 ||    19
Dodge: Dodged            |    49 |    43 |   120 |   172 ||   384
Block: Kite shield       |       |       |     5 |   155 ||   160
